 Dungeon Crawl Stone Soup version 0.32-a0-818-gb728d0252e (webtiles) character file.

Game seed: 8623866167720663582

1082 smashvw the Trooper (level 8, -10/40 (44) HPs)
             Began as a Vine Stalker Fighter on Mar 24, 2024.
             Was a Follower of Uskayaw.
             Mangled by a wight
             ... wielding a +4 morningstar
              (15 damage)
             ... on level 6 of the Dungeon.
             The game lasted 00:10:48 (3949 turns).

smashvw the Trooper (Vine Stalker Fighter)          Turns: 3949, Time: 00:10:48

HP:   -10/40 (44)   AC: 13    Str: 18    XL:     8   Next: 30%
MP:   0/11          EV:  8    Int:  8    God:    Uskayaw [*.....]
Gold: 425           SH:  5    Dex: 17    Spells: 7/7 levels left

rFire   . . .        A - +2 dagger (elec)
rCold   . . .        c - +0 buckler
rNeg    . . .        b - +0 scale mail
rPois   .            r - +0 helmet
rElec   .            (no cloak)
rCorr   .            z - +2 pair of gloves
SInv    .            g - +2 pair of boots
Will    +....        (no amulet) Stlth
                     (no ring)
HPRegen 1.06/turn    (no ring)
MPRegen 0.12/turn

%: guardian spirit
@: drained
A: fangs 3, regeneration 1, magic shield, antimagic bite, no potion heal 2
a: Renounce Religion, Stomp


You were on level 6 of the Dungeon.
You worshipped Uskayaw.
Uskayaw was noncommittal.
You visited 2 branches of the dungeon, and saw 7 of its levels.

You collected 425 gold pieces.

Inventory:

Hand Weapons
 A - a +2 dagger of electrocution (weapon)
Armour
 b - a +0 scale mail (worn)
 c - a +0 buckler (worn)
 g - a +2 pair of boots (worn)
 r - a +0 helmet (worn)
 z - a +2 pair of gloves (worn)
Jewellery
 h - a ring of see invisible
 q - a ring of ice
 v - a ring of wizardry
 y - a ring of resist corrosion
Talismans
 o - a granite talisman
 t - a storm talisman
Wands
 a - a wand of acid (2)
 d - a wand of polymorph (8)
Scrolls
 f - a scroll of acquirement {unknown}
 i - 3 scrolls of identify
 j - 4 scrolls of brand weapon
 k - a scroll of silence {unknown}
 l - a scroll of immolation
 n - a scroll of enchant armour {unknown}
 s - 2 scrolls of teleportation {unknown}
 B - a scroll of fear {unknown}
Potions
 e - 4 potions of curing
 m - a potion of attraction {unknown}
 p - a potion of resistance {unknown}
 u - 2 potions of berserk rage {unknown}
 w - 2 potions of heal wounds {unknown}
 x - a potion of haste {unknown}


   Skills:
 + Level 5.5 Fighting
 + Level 5.0 Short Blades
 - Level 2.4 Armour
 - Level 5.0 Shields
 + Level 3.3 Invocations


You had 7 spell levels left.
You didn't know any spells.
Your spell library contained the following spells:

 Spells                   Type           Power      Damage    Failure   Level
 Lesser Beckoning         Tloc           0%         N/A       95%         2
 Dazzling Flash           Conj/Hex       0%         N/A       99%         3
 Gell's Gravitas          Tloc           0%         N/A       99%         3
 Mephitic Cloud           Conj/Alch/Air  0%         N/A       99%         3
 Teleport Other           Tloc           0%         N/A       99%         3
 Curse of Agony           Necr           0%         N/A       100%        5
 Silence                  Hex/Air        0%         N/A       100%        5


Dungeon Overview and Level Annotations

Branches:
Dungeon (6/15)             Temple (1/1) D:4

Altars:
Cheibriados
Dithmenos
Elyvilon
Fedhas
Gozag
Hepliaklqana
Makhleb
Nemelex Xobeh
Okawaru
Qazlal
Ru
Sif Muna
Trog
Uskayaw
Vehumet
Yredelemnul
Zin
The Shining One

Annotations:
D:3 2 runed translucent doors, gribnar's ghost, amateur DsSu


Innate Abilities, Weirdness & Mutations

You have razor-sharp teeth.
Your natural rate of healing is unusually fast.
When hurt, damage is shared between your health and your magic reserves.
Your bite disrupts and absorbs the magic of your enemies.
Potions cannot restore your health.


Message History

The wight freezes you.
The wight hits you with a +4 morningstar.
You closely miss the wight. You bite the wight. You drain its power.
You feel invigorated.
The wight is lightly damaged.
The wight hits you from afar with a +2 halberd of freezing.
The wight freezes you. The wight barely misses you.
You hit the wight. You bite the wight. You drain its power.
You feel invigorated.
The wight is moderately damaged.
The wight closely misses you.
You can now pass through a line of other dancers.
You hit the wight. Your bite misses the wight.
The wight is heavily damaged.
The wight hits you with a +4 morningstar!
* * * LOW HITPOINT WARNING * * *
You feel drained.
* * * LOW HITPOINT WARNING * * *
The wight attacks as it pursues you!
The wight hits you with a +4 morningstar!
* * * LOW HITPOINT WARNING * * *
The wight attacks as it pursues you! The wight barely misses you.
It was a potion of curing.
That felt strangely inert.
The wight hits you but does no damage.
Okay, then.
As you read the scroll labelled VIRONYT WI SOV, it crumbles to dust.
It is a scroll of identify.
j - 4 scrolls of brand weapon The wight completely misses you. x2
You can no longer pass through a line of other dancers.
As you read the scroll labelled IRIRIF RETY, it crumbles to dust.
The creatures around you are filled with an inner flame!
It was a scroll of immolation.
The wight hits you from afar with a +2 halberd of freezing.
* * * LOW HITPOINT WARNING * * *
The wight freezes you.
* * * LOW HITPOINT WARNING * * *
The wight hits you with a +4 morningstar!
You die...
Your body falls in perfect tune with the rhythm.

#..........#
##...######## #......#
#.....#z# ....#####.###
### #..z# ###z# #z# #@#
########## #.#
.........## #.#
########..######.######
##.............#
####..........#
#....).....#
#..........#
##.........#


You could see 3 wights.

Vanquished Creatures
  A kobold demonologist (D:5)
  Sigmund (D:3)
  2 ogres (D:4)
  Blork the orc (D:5)
  2 wights
  An orc priest (D:5)
  2 hounds (D:5)
  Ijyb (D:5)
  An orc wizard (D:5)
  Terence (D:2)
  3 adders
  2 ufetubi (D:5)
  6 dart slugs
  2 ribbon worms
  9 orcs
  9 ball pythons
  5 bats
  10 endoplasms
  9 goblins
  6 hobgoblins
  8 jackals
  8 quokkas
  4 frilled lizards
  8 kobolds
  5 rats
107 creatures vanquished.

Notes
Turn   | Place    | Note
-------+----------+-------------------------------------------
     0 | D:1      | smashvw the Vine Stalker Fighter began the quest for the
                  | Orb.
     0 | D:1      | Reached XP level 1. HP: 11/11 MP: 2/2
   152 | D:1      | Reached XP level 2. HP: 12/16 MP: 3/3
   382 | D:1      | Reached XP level 3. HP: 20/20 MP: 4/4
   636 | D:2      | Noticed Terence
   651 | D:2      | Killed Terence
   724 | D:2      | Reached XP level 4. HP: 24/24 MP: 5/5
  1798 | D:3      | Noticed Sigmund
  1805 | D:3      | Killed Sigmund
  1806 | D:3      | Reached XP level 5. HP: 29/29 MP: 6/6
  1806 | D:3      | Reached XP level 6. HP: 33/33 MP: 7/7
  1956 | D:3      | Found a large runed translucent door.
  1956 | D:3      | Found a large runed translucent door.
  1960 | D:3      | Noticed gribnar's ghost (amateur DsSu)
  2331 | D:4      | Found a staircase to the Ecumenical Temple.
  2343 | Temple   | Entered the Ecumenical Temple
  2430 | Temple   | Became a worshipper of Uskayaw the Reveller
  2650 | D:4      | Reached * piety under Uskayaw
  2656 | D:4      | Reached ** piety under Uskayaw
  2660 | D:4      | Reached XP level 7. HP: 38/38 MP: 8/8
  2744 | D:5      | Entered Level 5 of the Dungeon
  2781 | D:5      | Reached skill level 1 in Invocations
  2942 | D:5      | Noticed a kobold demonologist
  2963 | D:5      | Reached *** piety under Uskayaw
  2966 | D:5      | Killed a kobold demonologist
  2967 | D:5      | Reached skill level 5 in Fighting
  2998 | D:5      | Noticed Ijyb
  3008 | D:5      | Killed Ijyb
  3009 | D:5      | Reached skill level 5 in Shields
  3185 | D:5      | Noticed Blork the orc
  3257 | D:5      | Killed Blork the orc
  3258 | D:5      | Gained mutation: You have razor-sharp teeth. [Vine Stalker
                  | growth]
  3258 | D:5      | Reached XP level 8. HP: 43/43 MP: 6/10
  3805 | D:6      | Found a stormy altar of Qazlal.
  3934 | D:6      | Reached skill level 5 in Short Blades
  3949 | D:6      | Mangled by a wight

Illustrated notes

Levels and vault maps discovered:
D:1:      tarquinn_simple_flora_water_c, layout_loops_ring, minmay_cupped
D:2:      layout_loops_ring, uniq_terence
D:3:      layout_basic, ebering_ghost_disaster_area, minmay_misc_feat_plants,
          uniq_sigmund
D:4:      layout_rooms, minmay_temple_entry_drinking_statues, st_stairs_2
D:5:      layout_basic, uniq_blork_the_orc, uniq_ijyb
D:6:      layout_rooms, mainiacjoe_overflow_paths
Temple:   minmay_crystal_spiral_temple

Skill      XL: |  1  2  3  4  5  6  7  8 |
---------------+-------------------------+-----
Short Blades   | 2 3 4 5 |  5.0
Fighting       | 3 4 5 |  5.5
Shields        | 3 4 5 |  5.0
Invocations    | 2 3 |  3.3
Armour         | |  2.4

Action                     |  1- 3 |  4- 6 |  7- 9 || total
---------------------------+-------+-------+-------++-------
  Melee: Rapier            |    66 |   153 |    27 ||   246
         Bite              |    24 |    40 |    22 ||    86
         Dagger            |       |       |    63 ||    63
         Unarmed           |       |       |     6 ||     6
 Invoke: Stomp             |       |       |     1 ||     1
    Use: Potion            |       |     1 |     2 ||     3
         Scroll            |       |       |     2 ||     2
   Stab: Paralysed         |       |       |     1 ||     1
 Armour: Scale mail        |    40 |    91 |    82 ||   213
         Skin              |       |       |     7 ||     7
  Dodge: Dodged            |    23 |    61 |    45 ||   129
  Block: Buckler           |    15 |    49 |    21 ||    85

Table legend: (Time is in decaauts)
 A = Elapsed time spent in this place.
 B = Non-inter-level travel time spent in this place.
 C = Inter-level travel time spent in this place.
 D = Time resting spent in this place.
 E = Time spent auto-exploring this place.
 F = Levels seen in this place.
 G = Mean time per level.
                   A        B        C        D        E       F      G
               +--------+--------+--------+--------+--------+-----+--------+
         Total |   3938 |   3621 |    317 |     32 |   2782 |   7 |  562.6 |
       Dungeon |   3764 |   3619 |    145 |     32 |   2782 |   6 |  627.3 |
        Temple |    174 |      2 |    172 |      0 |      0 |   1 |  174.0 |
               +--------+--------+--------+--------+--------+-----+--------+

Top non-repeatable levels by time:
     D:5: 1024 daAuts
     D:3: 775 daAuts
     D:2: 643 daAuts
     D:1: 639 daAuts
     D:4: 530 daAuts
  Temple: 174 daAuts
     D:6: 151 daAuts
